 Dungeon Crawl Stone Soup version 0.20.1-1-g8b1a95d (webtiles) character file.

87 Lanoc the Gusty (level 4, -1/30 HPs)
             Began as a Human Air Elementalist on Nov 23, 2017.
             Was a Follower of Qazlal.
             Slain by Sigmund
             ... wielding a +0 scythe
              (9 damage)
             ... on level 3 of the Dungeon.
             The game lasted 00:17:01 (2684 turns).

Lanoc the Gusty (Human Air Elementalist)            Turns: 2684, Time: 00:17:01

Health: -1/30      AC:  2    Str:  6 (9)  XL:     4   Next: 80%
Magic:  0/8        EV: 12    Int: 18 (21) God:    Qazlal [*.....]
Gold:   202        SH:  1    Dex: 12 (13) Spells: 4/8 levels left

rFire    . . .     SeeInvis .   o - staff of cold
rCold    + + .     Gourm    .   (no shield)
rNeg     . . .     Faith    .   a - +0 robe
rPois    .         Spirit   .   (no helmet)
rElec    .         Reflect  .   (no cloak)
rCorr    .         Harm     .   (no gloves)
MR       .....                  (no boots)
Stlth    ++........             q - amulet of regeneration
Regen    0.5/turn               p - ring of protection from cold
MPRegen  0.2/turn               (no ring)

@: brilliant
A: no striking features
a: Renounce Religion


You were on level 3 of the Dungeon.
You worshipped Qazlal.
Qazlal was aware of your devotion.
You were not hungry.

You visited 1 branch of the dungeon, and saw 3 of its levels.

You collected 202 gold pieces.

Inventory:

Armour
 a - a +0 robe (worn)
Magical Staves
 o - an uncursed staff of cold (weapon)
Jewellery
 l - a +3 amulet of reflection
 p - a ring of protection from cold (left hand)
 q - an amulet of regeneration (around neck)
Scrolls
 d - 4 scrolls of fog {unknown}
 e - 3 scrolls of remove curse {unknown}
 i - 2 scrolls of enchant weapon {unknown}
 m - 2 scrolls of enchant armour {unknown}
 n - a scroll of recharging {unknown}
 s - a scroll of identify {unknown}
 u - a scroll of magic mapping {unknown}
Books
 b - a book of Air

   Spells                             Type                      Level
   a - Shock                          Conjuration/Air              1
   b - Swiftness                      Charms/Air                   2
   c - Static Discharge               Conjuration/Air              3
   d - Airstrike                      Air                          4
   e - Lightning Bolt                 Conjuration/Air              5
Comestibles
 c - 2 bread rations
 f - a chunk of flesh
 g - 3 meat rations
 j - 2 royal jellies


   Skills:
 + Level 2.3 Dodging
 + Level 2.0 Stealth
 + Level 0.4 Unarmed Combat
 + Level 2.8 Spellcasting
 + Level 2.0 Conjurations
 + Level 3.9 Air Magic


You had 4 spell levels left.
You knew the following spells:

 Your Spells              Type           Power        Failure   Level  Hunger
a - Shock                 Conj/Air       ###.         1%          1    None
b - Static Discharge      Conj/Air       ###.....     1%          3    ###....


Dungeon Overview and Level Annotations

Branches:
Dungeon (3/15)

Altars:
Kikubaaqudgha
Qazlal
Ru
Yredelemnul
The Shining One

Annotations:
D:3 Sigmund


Message History

There was something very wrong with that liquid.
You feel weakened.
You feel dopey.
You feel clumsy. Sigmund hits you with a scythe.
* * * LOW HITPOINT WARNING * * *
Casting: Shock
Confirm with . or Enter, or press ? or * to list all spells.
Aiming: Shock
Press: ? - help, Shift-Dir - straight line, f/p - Sigmund
Aim: Sigmund, wielding a scythe and wearing a robe (severely wounded)
The zap misses Sigmund.
You barely miss Sigmund.
Sigmund is severely wounded.
Sigmund barely misses you.
You barely miss Sigmund.
Sigmund is severely wounded.
Sigmund barely misses you.
You hit Sigmund but do no damage.
Sigmund is severely wounded.
Sigmund hits you with a scythe!
You die...

.. #@# #......##
.##.######.###.####...
........l.....# ###.
#...####%##### #.
###...####)#### #.
......#.......# #.
#......†...# #.
######.......#..# #.
#......@@.......# #.
#.......#.##.##.#######.
#.......#.##....#.......
#.........##..<.........
#.......#.##....#.......
#.............#.#######.
#########.......# #...
#####.### #... #.# #...


You could see Sigmund.

Vanquished Creatures
  2 adders (D:2)
  An adder zombie (D:3)
  A worm (D:2)
  A leopard gecko (D:2)
  An orc (D:3)
  3 giant cockroaches
  7 goblins
  10 hobgoblins
  2 jackals (D:3)
  10 kobolds
  2 quokkas
  2 ball pythons
  9 bats
  4 frilled lizards
  3 rats
58 creatures vanquished.

Notes
Turn   | Place    | Note
-------+----------+-------------------------------------------
     0 | D:1      | Lanoc the Human Air Elementalist began the quest for the Orb.
     0 | D:1      | Reached XP level 1. HP: 13/13 MP: 3/3
   370 | D:1      | Reached XP level 2. HP: 12/19 MP: 0/5
  1035 | D:2      | Found a stormy altar of Qazlal.
  1045 | D:2      | Reached XP level 3. HP: 20/24 MP: 0/6
  1218 | D:2      | Found a sacrificial altar of Ru.
  1229 | D:2      | Found an ancient bone altar of Kikubaaqudgha.
  1229 | D:2      | Found a glowing golden altar of the Shining One.
  1231 | D:2      | Became a worshipper of Qazlal Stormbringer
  1233 | D:2      | Found a basalt altar of Yredelemnul.
  1795 | D:2      | Reached XP level 4. HP: 28/30 MP: 0/7
  1807 | D:2      | Learned a level 3 spell: Static Discharge
  2417 | D:3      | Reached * piety under Qazlal
  2590 | D:3      | Noticed Sigmund
  2684 | D:3      | Slain by Sigmund

Skill      XL: |  1  2  3  4 |
---------------+-------------+-----
Conjurations   | 2 |  2.0
Dodging        | |  2.3
Stealth        | |  2.0
Unarmed Combat | |  0.4
Spellcasting   | |  2.8
Air Magic      | |  3.9

Action                   |  1- 3 |  4- 6 || total
-------------------------+-------+-------++-------
Melee: Unarmed           |    56 |       ||    56
       Staff             |    15 |    41 ||    56
 Cast: Shock             |    76 |    33 ||   109
       Static Discharge  |       |     5 ||     5
  Use: Potion            |       |     4 ||     4
 Stab: Sleeping          |       |     1 ||     1
  Eat: Chunk             |     4 |     4 ||     8
Armor: Robe              |    32 |    24 ||    56
Dodge: Dodged            |    79 |    41 ||   120
Block: Other             |     9 |     1 ||    10
